 Dungeon Crawl Stone Soup version 0.22.0 (webtiles) character file.

29 Gergoth the Cutter (level 3, 20/23 HPs)
             Began as a Kobold Berserker on Aug 10, 2018.
             Was a Believer of Trog.
             Quit the game on level 1 of the Dungeon.
             The game lasted 00:01:31 (819 turns).

Gergoth the Cutter (Kobold Berserker)                Turns: 819, Time: 00:01:32

Health: 20/23      AC:  6    Str: 14    XL:     3   Next: 32%
Magic:  3/3        EV: 15    Int:  9    God:    Trog [**....]
Gold:   35         SH:  0    Dex: 14    Spells: 2/2 levels left

rFire    . . .     SeeInvis .   a - +1 short sword
rCold    . . .     Gourm    .   (shield restricted)
rNeg     . . .     Faith    .   b - +0 animal skin
rPois    .         Spirit   .   e - +0 helmet (curse)
rElec    .         Reflect  .   (no cloak)
rCorr    .         Harm     .   m - +2 pair of gloves
MR       .....                  (no boots)
Stlth    +.........             (no amulet)
HPRegen  0.07/turn              (no ring)
MPRegen  0.08/turn              (no ring)

@: no status effects
A: small, carnivore
a: Berserk, Trog's Hand, Renounce Religion


You were on level 1 of the Dungeon.
You worshipped Trog.
Trog was pleased with you.
You were completely stuffed.

You visited 1 branch of the dungeon, and saw 1 of its levels.

You collected 35 gold pieces.

Inventory:

Hand Weapons
 a - a +1 short sword (weapon)
Armour
 b - a +0 animal skin (worn)
 e - a cursed +0 helmet (worn)
 m - a +2 pair of gloves (worn)
Scrolls
 g - a scroll of remove curse
 i - 2 scrolls of amnesia
 j - 2 scrolls of identify {unknown}
Potions
 d - a potion of curing {unknown}
 f - a potion of mutation {unknown}
 h - a potion of resistance {unknown}
 k - a potion of haste {unknown}
Comestibles
 c - 3 rations
 l - 3 chunks of flesh


   Skills:
 - Level 3.2 Fighting
 + Level 5.6 Short Blades
 - Level 1.5 Armour
 - Level 2.4 Dodging


You had 2 spell levels left.
You didn't know any spells.
Your spell library was empty.

Dungeon Overview and Level Annotations

Branches:
Dungeon (1/15)

Altars:


Innate Abilities, Weirdness & Mutations

You are small and have problems with some larger weapons.
You are carnivorous and can eat meat at any time.


Message History

a club; a hobgoblin corpse You butcher the hobgoblin corpse.
l - 3 chunks of flesh You see here a club. x2
You see here a club.
You enter the shallow water.
Moving in this stuff is going to be slow.
Done exploring.
Done exploring.
Done exploring.
Wear which item? (? for menu, Esc to quit)
You start putting on your armour.
You continue putting on your helmet. x4
You finish putting on your cursed +0 helmet.
Oops, that feels deathly cold.
Wear which item? (? for menu, Esc to quit)
You start putting on your armour.
You continue putting on your pair of glowing gloves. x4
You finish putting on your +2 pair of gloves.
Unknown command.
Are you sure you want to abandon this character and quit the game? (Confirm with "yes".)

#.........#.# #.# #.# ##
##.##.#####.# #.# #.#####.
#.##.# #.# #######.#
#.......
#.##.#####.###≈##≈##.#
#######.
###.##.......##≈P≈≈P≈### #.
#......###...#≈P8PP8P≈# #.
#.#........#.##≈P..P.#### #.
#.####.###.......<......####
#. #.# #.#
######≈@..♣.##....# #. #.#
#.# #≈.8.♣8♣≈####.# #) #.#
#.# ##≈.≈≈♣≈## #.#####. #.#
#.# ###≈##≈## #....... #.#
#.# #.###### #..####. #.#
#.# #.##.########..# #. #.#
#.# #.##....>..##..# #. #.#
#.# #.##..####.##..# #. #.#
#.# #.##..# #.##..####.


There were no monsters in sight!

Vanquished Creatures
  A dart slug (D:1)
  A leopard gecko (D:1)
  2 giant cockroaches (D:1)
  2 goblins (D:1)
  5 hobgoblins (D:1)
  5 kobolds (D:1)
  3 bats (D:1)
  A frilled lizard (D:1)
  4 rats (D:1)
24 creatures vanquished.

Vanquished Creatures (others)
  4 toadstools (D:1)
4 creatures vanquished.

Grand Total: 28 creatures vanquished

Notes
Turn   | Place    | Note
-------+----------+-------------------------------------------
     0 | D:1      | Gergoth the Kobold Berserker began the quest for the Orb.
     0 | D:1      | Reached XP level 1. HP: 14/14 MP: 1/1
    55 | D:1      | Reached XP level 2. HP: 17/19 MP: 2/2
   135 | D:1      | Reached skill level 5 in Short Blades
   436 | D:1      | Reached XP level 3. HP: 18/23 MP: 3/3
   455 | D:1      | Reached ** piety under Trog
   819 | D:1      | Quit the game

Skill      XL: |  1  2 |
---------------+-------+-----
Short Blades   | 5 |  5.6
Fighting       | |  3.2
Armour         | |  1.5
Dodging        | |  2.4

Action                   || total
-------------------------++-------
Melee: Short sword       ||    74
  Use: Scroll            ||     5
 Stab: Sleeping          ||     2
  Eat: Chunk             ||     8
Armor: Animal skin       ||     9
Dodge: Dodged            ||    48
